Map: Dash and Terminal LE (Void)

Players

Eternity

  • Race: Terran Terran
  • League: Silver

Phoenixism - Winner!

  • Race: Protoss Protoss
  • League: Silver

VOD

Have the link to the VOD?

Description

Time

  • Played on: Sept. 21, 2015, 2:18 a.m.
  • Length: 14:03
Show
View Real Time Build Order
Export as new Build Order

Eternity Terran 

Build Orders: MMM Bio 

Get SALT Encoding   

  12  0:01  SCV  
  13  0:13  SCV  
  14  0:19  Supply Depot  
  14  0:26  SCV  
  15  0:41  Refinery  
  15  0:43  SCV  
  16  0:50  Barracks  
  16  0:55  SCV  
  17  1:07  SCV  
  18  1:22  SCV  
  19  1:35  SCV  
  20  1:45  Reaper  
  21  1:47  Orbital Command  
  21  1:56  Command Center  
  21  2:04  Supply Depot  
  21  2:18  SCV  
  21  2:21  Barracks Reactor  
  22  2:30  SCV, Bunker  
  22  2:36  Barracks  
  23  2:38  Barracks  
  23  2:43  SCV  
  24  2:55  SCV  
  25  2:59  Marine x2  
  27  3:06  Refinery  
  27  3:08  Orbital Command  
  27  3:11  SCV  
  28  3:18  Marine x2  
  29  3:23  SCV  
  29  3:26  Barracks Tech Lab  
  29  3:27  Barracks Tech Lab  
  30  3:35  SCV  
  30  3:36  SCV  
  30  3:38  Marine x2  
  34  3:46  Supply Depot  
  34  3:47  Supply Depot  
  34  3:48  SCV x2  
  36  3:49  Marauder  
  36  3:51  Marauder  
  40  3:56  Stimpack  
  40  3:58  Combat Shields  
  40  4:00  SCV  
  41  4:07  SCV, Engineering Bay  
  42  4:13  SCV  
  42  4:14  Marauder  
  42  4:15  Marauder  
  47  4:18  Marine  
  47  4:19  Marine  
  47  4:23  SCV  
  50  4:32  SCV  
  51  4:40  Missile Turret  
  51  4:42  SCV  
  51  4:43  Missile Turret  
  51  4:44  SCV, Missile Turret  
  53  4:46  Refinery  
  53  4:52  Factory  
  53  4:54  SCV  
  50  5:04  Marauder x2, Marine x2  
  44  5:46  Marine x2, Marauder x2  
  48  5:50  Missile Turret  
  48  5:51  Missile Turret  
  48  6:04  Marine x2  
  48  6:07  Marauder  
  52  6:16  Missile Turret  
  52  6:20  Marauder  
  54  6:26  SCV x2  
  53  6:39  SCV x2  
  55  6:44  Marauder  
  57  6:51  SCV  
  57  6:53  Marauder, Marine  
  61  7:00  Factory Reactor  
  61  7:01  Starport  
  61  7:05  Concussive Shells  
  61  7:06  SCV  
  59  7:34  Marauder  
  59  7:35  Marauder  
  59  7:36  Missile Turret  
  62  7:38  SCV x2  
  62  7:39  Marine  
  62  7:41  Marine  
  62  8:02  SCV x2  
  62  8:03  Marine x2, Marauder  
  69  8:07  Viking  
  70  8:40  Supply Depot  
  70  8:47  Supply Depot  
  70  8:52  SCV x2, Medivac  
  70  8:53  Marauder x2  
  78  9:01  Marine  
  79  9:05  SCV x2, Marine  
  82  9:14  Supply Depot, Marauder x2  
  88  9:17  SCV x2  
  88  9:29  SCV  
  84  9:34  Marine x2  
  84  9:36  Marauder  
  80  9:50  Marauder  
  71  9:57  Marauder  
  59  10:10  Marine x2  
  58  10:16  Medivac x2  
  58  10:18  Supply Depot x2  
  54  10:24  SCV x2  
  56  10:32  Marauder, Marine  
  56  10:33  Marauder  
  61  10:36  Marine  
  61  10:38  SCV x2  
  64  10:45  Refinery  
  64  10:50  SCV x2  
  64  10:55  Marine, Marauder x2  
  71  11:02  SCV  
  67  11:30  Marauder x2, Marine x2  
  73  11:34  SCV  
  73  11:35  SCV, Missile Turret  
  73  11:37  Missile Turret  
  75  11:45  Medivac x2  
  79  11:47  Marine  
  79  11:48  Marine  
  79  11:51  Marauder x2  
  78  12:04  SCV  
  78  12:05  Marine x2  
  81  12:13  Marauder  
  83  12:17  Marauder  
  85  12:23  Marine  
  85  12:28  SCV x2  
  88  12:40  SCV  
  89  12:56  Command Center  
  89  12:57  Marauder  
  89  12:58  Marine, Marauder  
  70  13:17  Marine x2  
  70  13:19  Marauder  
  70  13:26  Medivac x2  
  59  13:34  Marine  
  59  13:35  Marauder, Marine  
  59  13:40  Marine  
Show
View Real Time Build Order
Export as new Build Order

Phoenixism Protoss - Winner!

Build Orders:  

Get SALT Encoding   

  12  0:00  Probe (Chrono Boost)  
  13  0:11  Probe (Chrono Boost)  
  14  0:17  Pylon  
  14  0:21  Probe (Chrono Boost)  
  15  0:35  Probe (Chrono Boost)  
  15  0:39  Gateway  
  16  0:45  Probe (Chrono Boost)  
  17  0:55  Probe (Chrono Boost)  
  18  1:05  Probe (Chrono Boost)  
  18  1:08  Pylon  
  18  1:10  Assimilator  
  19  1:15  Probe (Chrono Boost)  
  20  1:25  Probe (Chrono Boost)  
  21  1:32  Cybernetics Core  
  21  1:35  Probe (Chrono Boost)  
  21  1:36  Zealot  
  24  1:44  Probe (Chrono Boost)  
  24  1:46  Pylon  
  25  1:54  Probe (Chrono Boost)  
  25  1:56  Assimilator  
  26  2:08  Probe (Chrono Boost)  
  26  2:09  Warp Gate (Chrono Boost)  
  26  2:13  Adept  
  29  2:36  Probe (Chrono Boost)  
  30  2:40  Gateway  
  30  2:46  Probe (Chrono Boost)  
  30  2:50  Gateway  
  31  2:54  Robotics Facility  
  31  2:55  Pylon  
  31  2:57  Mothership Core (Chrono Boost)  
  33  3:09  Gateway  
  33  3:15  Probe (Chrono Boost)  
  34  3:25  Probe (Chrono Boost)  
  35  3:30  Nexus  
  35  3:35  Probe (Chrono Boost)  
  35  3:38  Pylon  
  36  3:45  Pylon  
  36  3:49  Warp Prism  
  38  3:57  Probe  
  39  4:09  Probe  
  40  4:17  Twilight Council  
  40  4:19  Robotics Bay  
  40  4:26  Adept  
  40  4:27  Adept  
  44  4:49  Assimilator  
  44  4:50  Assimilator  
  44  4:54  Adept x2  
  44  4:55  Pylon  
  48  5:14  Zealot  
  48  5:15  Zealot x2  
  54  5:30  Zealot  
  48  5:45  Probe  
  48  5:47  Probe  
  50  5:50  Stalker x2  
  50  5:51  Stalker x2  
  50  5:54  Disruptor  
  61  6:12  Nexus  
  61  6:30  Disruptor  
  62  6:39  Blink  
  62  6:42  Gateway, Probe  
  62  6:45  Probe  
  64  6:48  Assimilator  
  64  6:52  Assimilator  
  64  6:53  Sentry x2  
  64  6:54  Sentry  
  70  6:58  Probe  
  70  7:00  Probe  
  72  7:04  Zealot  
  72  7:05  Disruptor  
  73  7:31  Adept x2  
  73  7:33  Zealot  
  73  7:36  Probe  
  77  7:40  Probe  
  77  7:42  Probe  
  78  7:46  Probe  
  78  7:49  Templar Archives  
  77  7:52  Dark Shrine  
  77  7:54  Probe  
  77  7:55  Pylon  
  77  7:56  Probe  
  75  8:06  Probe  
  75  8:08  Zealot x2  
  80  8:14  Zealot  
  80  8:16  Zealot  
  80  8:18  Probe  
  80  8:19  Probe x2  
  85  8:22  Observer  
  88  8:27  Psionic Storm  
  88  8:31  Probe, High Templar x2  
  93  8:43  Immortal  
  93  8:47  Stalker x2, Zealot  
  103  8:55  Gateway  
  103  8:57  Gateway  
  103  9:02  Probe  
  103  9:03  Probe  
  105  9:12  Probe  
  105  9:13  Probe  
  105  9:16  Probe  
  108  9:23  Probe  
  96  9:33  Stalker x4  
  52  10:03  Stalker x4  
  52  10:04  Stalker  
  52  10:05  Disruptor  
  52  10:06  Probe  
  57  10:16  Probe  
  58  10:30  Gateway  
  58  10:31  Probe  
  59  10:36  Robotics Facility  
  59  10:40  Probe  
  59  10:41  Disruptor  
  62  10:43  Dark Templar x2  
  62  10:49  Zealot x2  
  71  10:50  Probe, Adept x2  
  76  10:58  Sentry  
  76  11:00  Probe  
  79  11:10  Probe  
  79  11:17  Immortal  
  79  11:18  Adept x5  
  88  11:28  High Templar x2  
  90  11:37  Pylon  
  90  11:40  Probe  
  91  11:50  Probe  
  88  11:56  Disruptor  
  87  12:04  Stalker  
  87  12:06  Zealot x3  
  87  12:07  Zealot  
  97  12:11  Probe  
  97  12:13  Probe  
  99  12:16  Probe  
  99  12:21  Probe  
  100  12:23  Probe  
  100  12:29  Probe  
  103  12:31  Dark Templar  
  103  12:32  Probe  
  103  12:34  Nexus  
  106  12:50  Disruptor  
  109  12:57  Pylon  
  109  13:00  Pylon  
  109  13:03  Pylon  
  109  13:07  Assimilator  
  107  13:15  Immortal  
  104  13:59  Stalker x3  
  104  14:00  Stalker x4  
Tags
 
Add a new tag
Caveats
  • Supply blocks, unpowered buildings, or Contaminate may cause inaccurate times.
  • Supply counts are checked every 10 seconds.